 Dungeon Crawl Stone Soup version 0.29.0-11-gd7f09526c8 (webtiles) character file.

Game seed: 18266454705858920181

1501 Zeldest the Cleaver (level 8, -3/73 HPs)
             Began as a Hill Orc Fighter on Sept 5, 2022.
             Slain by an orc wizard
             ... wielding a +0 dagger of electrocution
              (19 damage)
             ... on level 6 of the Dungeon.
             The game lasted 00:05:01 (4949 turns).

Zeldest the Cleaver (Hill Orc Fighter)              Turns: 4949, Time: 00:05:01

Health: -3/73      AC:  7    Str: 23    XL:     8   Next: 81%
Magic:  0/21       EV: 10    Int:  8    God:
Gold:   138        SH:  5    Dex: 14    Spells: 7/7 levels left

rFire   . . .      SeeInvis .   a - +0 war axe
rCold   + . .      Faith    .   c - +0 buckler
rNeg    . . .      Spirit   +   o - +1 ring mail of Generosity {Will+ Str+2 Dex+4 Stlth+}
rPois   .          Reflect  .   (no helmet)
rElec   .          Harm     .   (no cloak)
rCorr   .          Rampage  .   r - +0 pair of gloves
Will    +....                   (no boots)
Stlth   ++........              b - amulet of guardian spirit
HPRegen 0.22/turn               n - ring of magical power
MPRegen 0.17/turn               p - ring of protection from cold

@: mighty, flying, hasted, very quick
A: no striking features
a: no special abilities


You were on level 6 of the Dungeon.
You visited 1 branch of the dungeon, and saw 6 of its levels.

You collected 138 gold pieces.

Inventory:

Hand Weapons
 a - a +0 war axe (weapon)
Missiles
 A - a throwing net (quivered)
Armour
 c - a +0 buckler (worn)
 o - the +1 ring mail of Generosity (worn) {Will+ Str+2 Dex+4 Stlth+}
   (You found it on level 2 of the Dungeon)

   Str:       It affects your strength (+2).
   Dex:       It affects your dexterity (+4).
   Will:      It increases your willpower.
   Stlth:     It makes you more stealthy.
 r - a +0 pair of gloves (worn)
Jewellery
 b - an amulet of guardian spirit (around neck)
 n - a ring of magical power (left hand)
 p - a ring of protection from cold (right hand)
 x - a ring of protection from cold
Wands
 u - a wand of charming (7)
Scrolls
 f - a scroll of poison {unknown}
 h - 3 scrolls of teleportation {unknown}
 i - a scroll of amnesia {unknown}
 j - 2 scrolls of noise {unknown}
 l - a scroll of fear {unknown}
 w - a scroll of silence {unknown}
 y - 4 scrolls of identify {unknown}
 z - a scroll of butterflies {unknown}
Potions
 e - a potion of haste
 k - a potion of resistance {unknown}
 m - a potion of attraction {unknown}
 q - a potion of flight
 s - a potion of heal wounds {unknown}
 t - a potion of ambrosia {unknown}
 v - a potion of brilliance {unknown}


   Skills:
 + Level 7.5 Fighting
 * Level 10.4 Axes
 - Level 3.2 Armour
 - Level 3.2 Shields
 + Level 6.3 Invocations


You had 7 spell levels left.
You didn't know any spells.
Your spell library contained the following spells:

 Spells                   Type           Power      Damage    Failure   Level
 Ensorcelled Hibernation  Hex/Ice        0%         N/A       80%         2
 Conjure Flame            Conj/Fire      0%         6-21      95%         3
 Ignite Poison            Fire/Tmut/Pois 0%         N/A       95%         3
 Mephitic Cloud           Conj/Pois/Air  0%         N/A       95%         3
 Spider Form              Tmut/Pois      0%         N/A       95%         3
 Stone Arrow              Conj/Erth      0%         3d7       95%         3
 Anguish                  Hex/Necr       0%         N/A       100%        4
 Animate Armour           Summ/Erth      0%         N/A       100%        4
 Sticky Flame             Conj/Fire      0%         2d3       100%        4
 Freezing Cloud           Conj/Ice/Air   0%         6-21      100%        5
 Lehudib's Crystal Spear  Conj/Erth      0%         10d2      100%        8


Dungeon Overview and Level Annotations

Branches:
Dungeon (6/15)
 Temple: D:4-7

Altars:
Gozag
The Shining One

Shops:
D:3 *

Annotations:
D:6 Edmund


Message History

You closely miss something. Edmund barely misses you.
Something hits you but does no damage.
You are electrocuted!
You slash Edmund!
Edmund is heavily wounded.
You miss something.
Edmund gestures with his flail.
Edmund barely misses you. Something hits you but does no damage.
You closely miss Edmund.
Edmund is heavily wounded.
You slash something! You block Edmund's attack. Something hits you.
You are electrocuted!!
* * * LOW HITPOINT WARNING * * *
You closely miss Edmund.
Edmund is heavily wounded.
You closely miss something. You block Edmund's attack. Something hits you.
* * * LOW HITPOINT WARNING * * *
It was a potion of curing.
You feel better. You block Edmund's attack. Something hits you.
* * * LOW HITPOINT WARNING * * *
You are electrocuted!
* * * LOW HITPOINT WARNING * * *
You feel better. Edmund closely misses you.
Something hits you but does no damage.
It was a potion of flight.
You feel very buoyant.
You fly up into the air.
Edmund hits you with a +1 flail of protection!
* * * LOW HITPOINT WARNING * * *
Something hits you but does no damage.
It was a potion of haste.
You feel yourself speed up. Edmund barely misses you.
You hear some strange, mumbled words.
A magic dart appears from out of thin air!
The magic dart hits you.
* * * LOW HITPOINT WARNING * * *
You feel better.
You feel better.
Edmund hits you with a +1 flail of protection.
* * * LOW HITPOINT WARNING * * *
Something hits you but does no damage.
You are electrocuted!!
You die...

.....###...# ##.
.....## #..... ..
...#.. ##.....
..###..##..##.....#
..#...# #.......##
. ......###......##
...
#..............#
...# #{@.#
###.....## ....#
#@).# #..##..##
#...##.)## #.#
##..## #>...)# #.
##..# ##...## #.
##.. #....## #.#
##. #....##..####.#
##.# ##..#
##..##..######..#
#.#
##.............#
##.
##.###..#####...


You could see Edmund.

Vanquished Creatures
  Eustachio (D:6)
  A water moccasin (D:6)
  An ice beast (D:6)
  2 ogres
  2 phantoms (D:4)
  A scorpion (D:6)
  A necrophage (D:5)
  5 hounds
  2 jellies
  3 orc priests (D:6)
  Ijyb (D:4)
  Terence (D:2)
  An iguana (D:4)
  3 orc wizards
  11 gnolls
  7 adders
  A white imp (D:6)
  An ufetubus (D:6)
  3 worms (D:3)
  13 orcs
  7 ball pythons
  8 bats
  5 endoplasms
  4 giant cockroaches
  5 goblins
  10 hobgoblins
  2 jackals (D:2)
  3 quokkas
  4 frilled lizards
  8 kobolds
  A rat (D:2)
118 creatures vanquished.

Notes
Turn   | Place    | Note
-------+----------+-------------------------------------------
     0 | D:1      | Zeldest the Hill Orc Fighter began the quest for the Orb.
     0 | D:1      | Reached XP level 1. HP: 19/19 MP: 1/1
   152 | D:1      | Reached skill level 3 in Axes
   284 | D:1      | Reached XP level 2. HP: 22/27 MP: 2/2
   443 | D:2      | Noticed Terence
   450 | D:2      | Killed Terence
   451 | D:2      | Reached skill level 4 in Axes
   451 | D:2      | Reached XP level 3. HP: 26/33 MP: 3/3
   801 | D:2      | Found a faded altar of an unknown god.
  1058 | D:2      | Reached XP level 4. HP: 41/41 MP: 4/4
  1162 | D:2      | Identified the +1 ring mail of Generosity {Will+ Str+2
                  | Dex+4 Stlth+}
  1255 | D:2      | Reached skill level 5 in Axes
  1405 | D:3      | Found an opulent altar of Gozag.
  1409 | D:3      | Found Gozag's Platinum Reserve.
  1708 | D:3      | Reached skill level 1 in Invocations
  2272 | D:3      | Reached XP level 5. HP: 47/47 MP: 6/6
  2366 | D:3      | Found a glowing golden altar of the Shining One.
  2691 | D:4      | Noticed Ijyb
  2710 | D:4      | Killed Ijyb
  2711 | D:4      | Reached skill level 5 in Fighting
  2711 | D:4      | Reached skill level 6 in Axes
  2880 | D:4      | Noticed a phantom
  2889 | D:4      | Killed a phantom
  2890 | D:4      | Reached XP level 6. HP: 49/56 MP: 6/8
  3115 | D:4      | Reached skill level 7 in Axes
  3144 | D:4      | Reached XP level 7. HP: 60/62 MP: 9/9
  3382 | D:5      | Entered Level 5 of the Dungeon
  3585 | D:5      | Reached skill level 8 in Axes
  3952 | D:6      | Reached skill level 5 in Invocations
  3952 | D:6      | Reached XP level 8. HP: 60/71 MP: 11/11
  4058 | D:6      | Reached skill level 9 in Axes
  4672 | D:6      | Noticed Eustachio
  4692 | D:6      | Killed Eustachio
  4693 | D:6      | Reached skill level 10 in Axes
  4923 | D:6      | Noticed Edmund
  4949 | D:6      | Slain by an orc wizard

Illustrated notes

Levels and vault maps discovered:
D:1:      dpeg_arrival_oval, layout_basic, serial_co_window_serial,
          co_window_paths_a, co_window_corner_a, co_window_paths_b,
          co_window_corner_a, co_window_corner_a, co_window_of_opportunity_b,
          co_window_of_opportunity_b, co_window_broadway_a, co_window_corner_cb,
          co_window_4corner_b, co_window_paths_e, glass_columns_a,
          glass_columns_a, glass_columns_b, glass_columns_a, glass_columns_a
D:2:      kennysheep_big_flooded_room, layout_basic,
          ebering_ecumenical_altar_mist, minmay_stone_trees_large, uniq_terence
D:3:      minmay_razor_zed, layout_basic, nicolae_tso_swordbearing_angel,
          nicolae_gozag_zags_fifth_avenue
D:4:      layout_basic, uniq_ijyb
D:5:      layout_gridville
D:6:      layout_layer_cave, uniq_edmund, uniq_eustachio

Skill      XL: |  1  2  3  4  5  6  7  8 |
---------------+-------------------------+-----
Axes           | 3 4 5 6 7 8 10 | 10.4
Fighting       | 4 5 6 7 |  7.5
Invocations    | 1 2 3 5 6 |  6.3
Armour         | |  3.2
Shields        | |  3.2

Action                   |  1- 3 |  4- 6 |  7- 9 || total
-------------------------+-------+-------+-------++-------
Melee: War axe           |    74 |   176 |   172 ||   422
  Use: Potion            |       |       |     7 ||     7
 Stab: Sleeping          |       |     3 |       ||     3
Armor: Scale mail        |    41 |     4 |       ||    45
       Ring mail         |       |    57 |    67 ||   124
Dodge: Dodged            |    37 |    90 |    96 ||   223
Block: Buckler           |    27 |    43 |    50 ||   120
